AoeStats
← Joey-Noob-NL

Nomad

508702422Analyzed
4v4 RM · 8d ago on Sep 23, 2026· 50m 34s· 8 players
Game mode
Random Map
Map size
231×231
Population
200
Speed
Normal
Resources
Standard
Victory
Conquest
Starting age
Dark Age
Ending age
Imperial Age
RankedLock teamsTeams togetherTeam positionsShared explorationLock speedFull tech treeHidden civsTurbo modeCheats
Victory
Defeat
🇨🇳 Persians · China
1445
+17
🇫🇷 Japanese · France
1422
+18
🇨🇳 Mongols · China
1398
+19
🇬🇧 Varangians · United Kingdom
1354
+21
🇧🇪 Malians · Belgium
1559
-22
🇳🇱 Varangians · Netherlands
1538
-22
🇳🇱 Bohemians · Netherlands
1402
-16
🇧🇪 Koreans · Belgium
1370
-15
Gundeadfred
4:37 Loom
13:37 Feudal Age
15:37 Fletching
31:37 Double-Bit Axe
33:30 Fishing Lines
41:33 Wheelbarrow
43:52 Castle Age
42:45 Man-at-Arms
44:02 Arson
45:08 Long Swordsman
45:34 Gambesons
48:15 Gillnets
49:41 Wheelbarrow
49:17 Pikeman
hypn0s
5:30 Loom
14:21 Feudal Age
15:29 Double-Bit Axe
18:11 Castle Age
16:44 Forging
19:02 Medium Warships
19:53 Bow Saw
20:58 Fishing Lines
22:42 Wheelbarrow
23:55 Town Watch
24:57 Horse Collar
25:42 Hand Cart
25:39 Heavy Plow
29:24 Gold Mining
29:46 Pikeman
30:25 Fletching
32:18 Squires
35:16 Imperial Age
34:36 Scale Mail Armor
34:35 Stone Mining
35:58 Fortified Wall
35:15 Elite Skirmisher
36:24 Ballistics
36:00 Bodkin Arrow
37:04 Bracer
38:54 Shipwright
40:09 Scale Barding Armor
40:21 Padded Archer Armor
42:25 Conscription
42:32 Chain Mail Armor
42:42 Leather Archer Armor
43:54 Chemistry
44:18 Plate Mail Armor
47:03 Two-Man Saw
45:48 Halberdier
牛比无极限
5:15 Loom
14:02 Feudal Age
18:05 Castle Age
23:58 Fletching
24:35 Bodkin Arrow
33:02 Imperial Age
31:57 Double-Bit Axe
33:03 Ballistics
33:18 Bow Saw
34:18 Conscription
34:24 Conscription
36:33 Wheelbarrow
38:55 Bracer
43:45 Padded Archer Armor
44:10 Hand Cart
44:42 Leather Archer Armor
45:39 Elite Mangudai
47:26 Thumb Ring
47:55 Bloodlines
48:27 Husbandry
48:55 Parthian Tactics
第一滴血
12:32 Feudal Age
13:25 Double-Bit Axe
19:48 Castle Age
18:18 Fishing Lines
19:55 Loom
20:44 Medium Warships
22:20 Wheelbarrow
23:01 Bow Saw
25:58 Horse Collar
27:55 Gillnets
33:16 Imperial Age
31:32 Heavy Plow
31:23 Gold Mining
31:23 Stone Mining
33:15 Scale Barding Armor
33:21 Forging
33:54 Bloodlines
33:47 Husbandry
34:10 Hand Cart
34:17 Chain Barding Armor
33:46 Cavalier
35:52 Iron Casting
35:09 Savar
36:10 Conscription
36:27 Plate Barding Armor
37:19 Two-Man Saw
36:54 Crop Rotation
39:34 Blast Furnace
40:20 Coinage
41:47 Banking
42:04 Gold Shaft Mining
42:05 Stone Shaft Mining
42:49 Conscription
42:30 Elite War Elephant
43:41 Town Watch
45:39 Light Cavalry
46:46 Hussar
49:22 Ballistics
50:03 Chemistry
Palmari
3:58 Loom
14:24 Feudal Age
16:51 Wheelbarrow
16:53 Fishing Lines
19:31 Castle Age
17:38 Stone Mining
18:46 Gold Mining
18:45 Double-Bit Axe
18:44 Horse Collar
20:37 Bow Saw
21:53 Gillnets
23:05 Fletching
24:59 Gold Shaft Mining
25:20 Bodkin Arrow
28:14 Ballistics
35:14 Imperial Age
34:15 Stone Shaft Mining
36:16 Scale Barding Armor
36:12 Bracer
37:16 Two-Man Saw
36:01 Elite War Wagon
38:12 Chemistry
37:24 Masonry
36:54 Treadmill Crane
37:19 Husbandry
37:42 Chain Barding Armor
39:42 Scale Mail Armor
39:53 Forging
40:17 Hand Cart
39:47 Town Watch
41:00 Murder Holes
41:36 Architecture
40:57 Heated Shot
40:41 Elite Cannon Galleon
42:02 Town Patrol
41:31 Light Cavalry
42:40 Eupseong
43:58 Hussar
48:05 Iron Casting
49:37 Arrowslits
bosaap12
8:59 Loom
13:19 Feudal Age
17:12 Castle Age
23:42 Husbandry
27:08 Scale Barding Armor
27:19 Bloodlines
29:24 Chain Barding Armor
38:43 Imperial Age
38:54 Cavalier
flem.Dieterkiller
5:26 Loom
12:35 Feudal Age
16:32 Castle Age
16:50 Forging
33:55 Imperial Age
32:49 Double-Bit Axe
33:41 Horse Collar
37:16 Heavy Plow
37:30 Bow Saw
39:34 Wheelbarrow
39:37 Town Watch
40:36 Scale Barding Armor
41:07 Iron Casting
42:55 Scale Barding Armor
43:26 Iron Casting
43:47 Husbandry
45:25 Bloodlines
45:37 Chain Barding Armor
46:05 Heavy Camel Rider
47:24 Plate Barding Armor
Joey-Noob-NL
5:08 Loom
13:26 Feudal Age
16:52 Castle Age
16:00 Double-Bit Axe
17:13 Town Watch
18:05 Bow Saw
18:59 Fishing Lines
19:57 Horse Collar
20:55 Wheelbarrow
24:35 Chemistry
27:49 Padded Archer Armor
30:25 Pikeman
32:02 Heavy Plow
35:00 Squires
35:06 Scale Mail Armor
35:30 Leather Archer Armor
35:25 Forging
38:45 Imperial Age
38:58 Man-at-Arms
38:59 Halberdier
40:17 Ring Archer Armor
40:10 Chain Mail Armor
40:30 Iron Casting
43:16 Houfnice
46:34 Fortified Wall
46:20 Murder Holes
46:49 Elite Skirmisher
47:40 Fletching
48:21 Plate Mail Armor
Connection lost

Rejoining the realm…

Still unreachable

The connection could not be restored.

Session expired

The server has moved on; the page needs a fresh start.